 Dungeon Crawl Stone Soup version 0.31-a0-233-g139696dc86 (webtiles) character file.

Game seed: 13830705149783083780

67 qw the Shooter (level 3, -1/29 HPs)
             Began as a Minotaur Hexslinger on July 9, 2023.
             Slain by Sigmund
             ... wielding a +0 scythe of flaming
              (4 damage)
             ... on level 2 of the Dungeon.
             The game lasted 00:00:40 (1990 turns).

qw the Shooter (Minotaur Hexslinger)                Turns: 1990, Time: 00:00:41

Health: -1/29      AC:  2    Str: 12    XL:     3   Next: 98%
Magic:  3/3        EV: 12    Int: 10    God:
Gold:   96         SH:  0    Dex: 14    Spells: 3/4 levels left

rFire   . . .        Y - +1 sling
rCold   . . .        (no shield)
rNeg    . . .        c - +0 robe
rPois   +            (helmet restricted)
rElec   +            (no cloak)
rCorr   +            (no gloves)
SInv    .            (no boots)
Will    .....        (no amulet)
Stlth   +            a - ring "Rusek" {*Slow rElec rPois rCorr}
HPRegen 0.24/turn    (no ring)
MPRegen 0.08/turn

%: slow self (1%)
@: confused
A: horns 2, retaliatory headbutt
a: no special abilities


You were on level 2 of the Dungeon.
You visited 1 branch of the dungeon, and saw 2 of its levels.

You collected 96 gold pieces.


Innate Abilities, Weirdness & Mutations

You have a pair of horns on your head.
You reflexively headbutt those who attack you in melee.


   Skills:
 - Level 2.0 Fighting
 + Level 4.5 Ranged Weapons
 - Level 2.1 Dodging
 - Level 1.0 Spellcasting
 - Level 2.0 Hexes


You had 3 spell levels left.
You knew the following spells:

 Your Spells              Type           Power      Damage    Failure   Level
a - Slow                  Hex            16%        N/A       16%         1

Your spell library contained the following spells:

 Spells                   Type           Power      Damage    Failure   Level
 Inner Flame              Hex/Fire       2%         N/A       56%         3
 Portal Projectile        Hex/Tloc       4%         N/A       56%         3
 Cause Fear               Hex            2%         N/A       83%         4

Inventory:

Hand Weapons
 Y - a +1 sling (weapon)
Armour
 b - a scarf of invisibility
 c - a +0 robe (worn)
 i - a +0 cloak
 l - a +0 ring mail
Jewellery
 a - the ring "Rusek" (left hand) {*Slow rElec rPois rCorr}
   (You acquired it on level 1 of the Dungeon)

   [ring of poison resistance]

   rElec:     It insulates you from electricity.
   rPois:     It protects you from poison.
   rCorr:     It protects you from acid and corrosion.
   *Slow:     It may slow you when you take damage.
 f - a ring of fire
 g - a ring of ice
Scrolls
 h - a scroll of brand weapon {unknown}
 j - a scroll of revelation {unknown}
Potions
 d - 3 potions of curing {unknown}
 e - a potion of resistance {unknown}
 k - a potion of degeneration {unknown}
 m - a potion of haste {unknown}
 n - 2 potions of berserk rage {unknown}

Dungeon Overview and Level Annotations

Branches:
Dungeon (2/15)

Altars:

Annotations:
D:2 Sigmund


Message History

Enter note:
Enter note:
Enter note:
Enter note:
Enter note:
Enter note:
Enter note:
Enter note:
Enter note:
Enter note: You shoot a sling bullet.
The sling bullet completely misses Sigmund.
Sigmund mumbles some strange words.
Sigmund flickers and vanishes!
Deactivating autopickup; reactivate with Ctrl-A.
Something tries to affect you, but you resist.
You shoot a sling bullet. You shoot a sling bullet.
You are confused.
You shoot a sling bullet. You shoot a sling bullet. You shoot a sling bullet.
Something hits you. Something burns you.
You shoot a sling bullet. You shoot a sling bullet. Something hits you!
Something burns you.
You shoot a sling bullet.
You feel less confused. Something hits you but does no damage.
You shoot a sling bullet.
You hear some strange, mumbled words.
You are confused.
You shoot a sling bullet. Something hits you but does no damage.
You shoot a sling bullet.
You hear some strange, mumbled words.
Something tries to affect you, but you resist.
You shoot a sling bullet. Something hits you! Something burns you.
You die...

#.# #. # #. #.# #. #. #.
##'## #. .#.###. ##...##
#. ....... ##.....## #.
....... #.......## #.
.......####.........###.
........[.+.........'<..
.....{.@# #.........####
......#.# ##.......## #
..... #.# ##.....## ####
#.# ##...## #.# ##+# #.#
#.# #.# #.####### #.#
##.... ..# #.#
##...####.#


There were no monsters in sight!

Vanquished Creatures
  An adder (D:2)
  A worm (D:2)
  3 dart slugs (D:1)
  5 ball pythons
  3 bats
  2 endoplasms
  4 giant cockroaches
  4 goblins
  4 hobgoblins
  4 quokkas (D:1)
  4 frilled lizards
  5 kobolds
  3 rats (D:1)
43 creatures vanquished.

Notes
Turn   | Place    | Note
-------+----------+-------------------------------------------
     0 | D:1      | qw the Minotaur Hexslinger began the quest for the Orb.
     0 | D:1      | Reached XP level 1. HP: 16/16 MP: 1/1
     0 | D:1      | 0 ||| qw: Version: 0.3-a-51-g015441d
     0 | D:1      | 0 ||| qw: Game counter: 3823
     0 | D:1      | 0 ||| qw: Melee chars always use a shield: true
     0 | D:1      | 0 ||| qw: God list: Okawaru
     0 | D:1      | 0 ||| qw: Allow faded altars: false
     0 | D:1      | 0 ||| qw: Do Orc after clearing Dungeon:15 true
     0 | D:1      | 0 ||| qw: Do second Lair branch before Depths: true
     0 | D:1      | 0 ||| qw: Lair rune preference: random
     0 | D:1      | 0 ||| qw: Goals: Normal
     0 | D:1      | 0 ||| PLANNING D:1-11
   177 | D:1      | Reached skill level 3 in Ranged Weapons
   177 | D:1      | Reached XP level 2. HP: 23/23 MP: 2/2
   475 | D:1      | Reached XP level 3. HP: 29/29 MP: 3/3
   813 | D:1      | Found a faded altar of an unknown god.
  1053 | D:1      | 1053 ||| READING scroll labelled ITALO JE RASS.
  1154 | D:1      | 1154 ||| READING scroll labelled EROGIXK TYLYSTRE.
  1154 | D:1      | Identified a scroll of acquirement
  1154 | D:1      | 1154 ||| ACQUIRING ring "Rusek" {*Slow rElec rPois rCorr}
  1154 | D:1      | Acquired the ring "Rusek" {*Slow rElec rPois rCorr}
  1156 | D:1      | 1156 ||| UPGRADING to ring "Rusek" {*Slow rElec rPois
                  | rCorr}.
  1157 | D:1      | 1157 ||| DROPPING scroll of poison.
  1343 | D:2      | Reached skill level 4 in Ranged Weapons
  1377 | D:2      | 1377 ||| FLEEEEING.
  1378 | D:2      | 1378 ||| FLEEEEING.
  1379 | D:2      | 1379 ||| FLEEEEING.
  1977 | D:2      | Noticed Sigmund
  1990 | D:2      | HP: 3/29 [something (8)]
  1990 | D:2      | Slain by Sigmund

Levels and vault maps discovered:
D:1:      dpeg_arrival_erosion, layout_basic, serial_corexii_hall,
          corexii_hall_statues_l, chequers_hall_statues_wall_a,
          chequers_hall_statues_y, corexii_hall_statues_x,
          shapermc_ecumenical_altar_mp_urbaneastern
D:2:      layout_loops_corners, due_unseen_surprise, uniq_sigmund

Skill      XL: |  1  2  3 |
---------------+----------+-----
Ranged Weapons | 3 4 |  4.5
Fighting       | 2 |  2.0
Dodging        | |  2.1
Spellcasting   | |  1.0
Hexes          | |  2.0

Action                     || total
---------------------------++-------
   Fire: Sling             ||   164
    Use: Scroll            ||     2
 Armour: Robe              ||    12
  Dodge: Dodged            ||    58

Table legend:
 A = Non-vault XP
 B = Vault XP
 C = Vault XP percentage of total XP
 D = Non-vault monster count
 E = Vault monster count
 F = Vault count percentage of total count
                 A         B        C        D         E       F
            +---------+---------+-------+---------+---------+-------
      Total |      96 |       0 |   0.0 |      43 |       0 |   0.0
            +---------+---------+-------+---------+---------+-------
        D:1 |      59 |       0 |   0.0 |      31 |       0 |   0.0
        D:2 |      37 |       0 |   0.0 |      12 |       0 |   0.0
            +---------+---------+-------+---------+---------+-------
